 Dungeon Crawl Stone Soup version 0.21.1-1-g345015f (webtiles) character file.

4955 Hebeh the Cleaver (level 10, -4/91 HPs)
             Began as a Minotaur Fighter on June 24, 2018.
             Was a Priest of Trog.
             Killed by divine providence
             ... invoked by a meliai
              (14 damage)
             ... on level 8 of the Dungeon.
             The game lasted 00:29:44 (7584 turns).

Hebeh the Cleaver (Minotaur Fighter)                Turns: 7584, Time: 00:29:44

Health: -4/91      AC: 10    Str: 24    XL:     10   Next: 28%
Magic:  9/9        EV: 10    Int:  5    God:    Trog [***...]
Gold:   454        SH: 11    Dex: 10    Spells: 9/9 levels left

rFire    + . .     SeeInvis .   q - +3 hand axe (elec)
rCold    . . .     Gourm    .   c - +0 shield
rNeg     . . .     Faith    .   o - +2 ring mail {rF+}
rPois    .         Spirit   .   (helmet restricted)
rElec    .         Reflect  .   x - +0 cloak (curse)
rCorr    .         Harm     .   (no gloves)
MR       .....                  (no boots)
Stlth    +.........             (no amulet)
HPRegen  0.25/turn              g - ring of stealth
MPRegen  0.11/turn              r - +1 ring of evasion

@: no status effects
A: retaliatory headbutt, horns 2
a: Berserk, Trog's Hand, Burn Spellbooks, Renounce Religion


You were on level 8 of the Dungeon.
You worshipped Trog.
Trog was most pleased with you.
You were not hungry.

You visited 2 branches of the dungeon, and saw 10 of its levels.
You also visited: Sewer.

You collected 454 gold pieces.

Inventory:

Hand Weapons
 a - a +0 war axe
 m - a +1 mace of crushing
 q - a +3 hand axe of electrocution (weapon)
Missiles
 i - 3 tomahawks of returning (quivered)
Armour
 c - a +0 shield (worn)
 o - a +2 ring mail of fire resistance (worn)
 x - a cursed +0 cloak (worn)
 A - a +0 chain mail of fire resistance
Jewellery
 g - a ring of stealth (left hand)
 r - a +1 ring of evasion (right hand)
 z - a cursed amulet of inaccuracy {unknown}
 B - an uncursed ring of magical power {unknown}
 C - an uncursed ring of protection from fire {unknown}
 F - an uncursed amulet of the gourmand {unknown}
Wands
 b - a wand of iceblast (3)
 k - a wand of digging (9)
Scrolls
 h - 2 scrolls of fog
 s - a scroll of remove curse
 w - 3 scrolls of teleportation
 y - a scroll of enchant armour {unknown}
Potions
 d - 3 potions of might
 e - a potion of agility
 j - 6 potions of flight
 l - 2 potions of ambrosia
 n - a potion of curing
 p - 2 potions of berserk rage
 t - a potion of haste
 u - 3 potions of heal wounds
 v - a potion of invisibility {unknown}
 D - a potion of magic {unknown}
Comestibles
 f - 17 rations
 E - 6 chunks of flesh


   Skills:
 + Level 9.0 Fighting
 * Level 11.5 Axes
 + Level 9.0 Armour
 + Level 9.0 Shields


You had 9 spell levels left.
You didn't know any spells.

Dungeon Overview and Level Annotations

Branches:
Dungeon (9/15)             Temple (1/1) D:4
   Lair: D:8-11         Orc: D:9-12

Altars:
Ashenzari
Cheibriados
Dithmenos
Elyvilon
Fedhas
Gozag
Hepliaklqana
Kikubaaqudgha
Makhleb
Nemelex Xobeh
Qazlal
Ru
Sif Muna
Trog
Uskayaw
Vehumet
Wu Jian
Xom
Zin
The Shining One

Shops:
D:4 *   D:9 %(


Innate Abilities, Weirdness & Mutations

You reflexively headbutt those who attack you in melee.
You have a pair of horns on your head.


Message History

The meliai mumbles some strange prayers to its god against you.
Something smites you!
You slash the meliai!
The meliai is moderately wounded.
The meliai hits you but does no damage.
The meliai stings you but does no damage.
The meliai hits you with a hand axe. You block the meliai's attack.
You completely miss the meliai. You headbutt the meliai!
The meliai is almost dead.
The meliai calls down the wrath of its god upon you.
Something smites you!
* * * LOW HITPOINT WARNING * * *
You block the meliai's attack. The meliai closely misses you.
The meliai hits you but does no damage. The meliai stings you.
* * * LOW HITPOINT WARNING * * *
You block the meliai's attack. The meliai stings you.
* * * LOW HITPOINT WARNING * * *
The meliai calls down the wrath of its god upon you.
Something smites you!
You die...

##### #...........#
##...#####...........#
########
...#.................#
#.......
##...######...._.....#
#.######
##.#######......†...#####.#
#.......#................#
#.#####.#.........#####..#
#..# #.#.........# #..#
##.# #.#.####@#..# #..# #.#
#.#..###y#.######..# #.#
#.#...##O#.........# #.#
#........########.#######
#.# #.#...#### #........
#.##.## ######### #.##.# #
#.##.# # . #.##.## #


You could see a two-headed ogre and a meliai.

Vanquished Creatures
  A deep elf mage (D:6)
  An ugly thing (D:8)
  The ghost of sking99 the Covert, a novice OpAs (D:5)
  Grinder (D:6)
  A vampire (D:8)
  2 hungry ghosts
  Menkaure (D:5)
  Duvessa (D:5)
  2 orc warriors
  2 ice beasts (D:6)
  A sky beast (D:7)
  A necrophage (D:8)
  4 ogres
  2 centaurs (D:6)
  A big kobold (Sewer)
  Blork the orc (D:5)
  6 bullfrogs
  Dowan (D:5)
  3 scorpions (D:5)
  3 wights (D:7)
  A howler monkey (D:5)
  3 crimson imps (D:7)
  A centaur zombie (D:7)
  2 bullfrog skeletons
  5 orc wizards
  7 hounds
  2 jellies
  3 orc priests
  Jessica (D:2)
  Terence (D:2)
  2 iguanas
  2 worker ants (D:4)
  A worker ant zombie (D:8)
  Robin (D:2)
  13 adders
  A river rat (D:5)
  A shadow imp (D:7)
  2 adder skeletons
  An adder zombie (D:3)
  2 worms (D:5)
  2 dart slugs (D:1)
  2 leopard geckos
  22 orcs
  3 giant cockroaches
  17 goblins
  7 hobgoblins
  9 jackals
  4 quokkas
  A ball python (D:5)
  8 bats
  9 frilled lizards
  A jackal skeleton (D:4)
  6 kobolds
  A leopard gecko skeleton (D:5)
  A quokka skeleton (D:6)
  14 rats
195 creatures vanquished.

Vanquished Creatures (others)
  5 dream sheep (D:8)
5 creatures vanquished.

Grand Total: 200 creatures vanquished

Notes
Turn   | Place    | Note
-------+----------+-------------------------------------------
     0 | D:1      | Hebeh the Minotaur Fighter began the quest for the Orb.
     0 | D:1      | Reached XP level 1. HP: 19/19 MP: 0/0
   147 | D:1      | Reached XP level 2. HP: 26/27 MP: 1/1
   179 | D:1      | Reached skill level 3 in Axes
   787 | D:1      | Reached XP level 3. HP: 33/33 MP: 2/2
  1320 | D:2      | Noticed Terence
  1329 | D:2      | Killed Terence
  1329 | D:2      | Reached XP level 4. HP: 40/40 MP: 3/3
  1600 | D:2      | Found a shattered altar of Ashenzari.
  1600 | D:2      | Found a glowing silver altar of Zin.
  1602 | D:2      | Noticed Jessica
  1602 | D:2      | Noticed Robin
  1615 | D:2      | Reached skill level 4 in Axes
  1623 | D:2      | Killed Jessica
  1629 | D:2      | Killed Robin
  1887 | D:3      | Reached XP level 5. HP: 33/47 MP: 4/4
  2397 | D:3      | Found an opulent altar of Gozag.
  2642 | D:4      | Reached skill level 5 in Axes
  2774 | D:4      | Reached XP level 6. HP: 55/55 MP: 5/5
  2828 | D:4      | Found a staircase to the Ecumenical Temple.
  2840 | Temple   | Entered the Ecumenical Temple
  2994 | Temple   | Became a worshipper of Trog the Wrathful
  3036 | D:4      | Found Ugeneal's Assorted Antiques.
  3039 | D:4      | Reached skill level 5 in Shields
  3076 | D:4      | Reached skill level 5 in Fighting
  3076 | D:4      | Reached skill level 5 in Armour
  3253 | D:4      | Reached skill level 6 in Axes
  3294 | D:4      | Reached XP level 7. HP: 59/61 MP: 6/6
  3514 | D:5      | Entered Level 5 of the Dungeon
  3605 | D:5      | Reached * piety under Trog
  3756 | D:5      | Noticed sking99's ghost (novice OpAs)
  3768 | D:5      | Killed sking99's ghost
  3768 | D:5      | Reached skill level 7 in Axes
  3776 | D:5      | Noticed Blork the orc
  3780 | D:5      | Killed Blork the orc
  3813 | D:5      | Reached XP level 8. HP: 70/70 MP: 7/7
  3937 | D:5      | Found a shadowy altar of Dithmenos.
  3980 | D:5      | Noticed Dowan
  3981 | D:5      | Noticed Duvessa
  3990 | D:5      | Killed Duvessa
  3991 | D:5      | Killed Dowan
  4042 | D:5      | Noticed Menkaure
  4058 | D:5      | Killed Menkaure
  4058 | D:5      | Reached skill level 8 in Axes
  4247 | D:5      | Found a glowing drain.
  4253 | Sewer    | Entered a sewer
  4260 | Sewer    | Reached ** piety under Trog
  4347 | Sewer    | Found a white marble altar of Elyvilon.
  4900 | D:6      | Noticed Grinder
  4911 | D:6      | Paralysed by Grinder for 4 turns
  4918 | D:6      | Killed Grinder
  4928 | D:6      | Reached skill level 9 in Axes
  5069 | D:6      | Reached XP level 9. HP: 79/79 MP: 8/8
  5473 | D:6      | Noticed a deep elf mage
  5481 | D:6      | Killed a deep elf mage
  5481 | D:6      | Reached skill level 10 in Axes
  5894 | D:7      | Reached *** piety under Trog
  6365 | D:8      | Noticed a two-headed ogre
  6366 | D:8      | Noticed a red ugly thing
  6489 | D:8      | Reached skill level 11 in Axes
  6708 | D:7      | Reached XP level 10. HP: 83/90 MP: 9/9
  7038 | D:9      | Found Paprael's Antique Weapon Emporium.
  7038 | D:9      | Found Diepsul's Food Emporium.
  7105 | D:8      | Found a shimmering altar of Xom.
  7321 | D:8      | Killed a red ugly thing
  7422 | D:8      | Found a shimmering altar of Xom.
  7564 | D:8      | Noticed a two-headed ogre
  7584 | D:8      | Killed from afar by a meliai

Skill      XL: |  1  2  3  4  5  6  7  8  9 10 |
---------------+-------------------------------+-----
Axes           | 3 4 5 6 7 9 11 | 11.5
Fighting       | 4 5 6 7 8 9 |  9.0
Shields        | 4 5 6 7 8 9 |  9.0
Armour         | 4 5 6 7 8 9 |  9.0

Action                   |  1- 3 |  4- 6 |  7- 9 | 10-12 || total
-------------------------+-------+-------+-------+-------++-------
Melee: War axe           |    83 |    61 |       |       ||   144
       Headbutt          |     6 |    15 |    31 |    12 ||    64
       Hand axe          |       |    61 |   251 |    62 ||   374
Throw: Tomahawk          |     3 |       |       |       ||     3
Invok: Burn Spellbooks   |       |       |     2 |       ||     2
  Use: Scroll            |       |     7 |    10 |       ||    17
 Stab: Sleeping          |       |       |     2 |       ||     2
  Eat: Chunk             |     1 |     4 |     6 |     3 ||    14
       Ration            |       |     1 |     2 |       ||     3
Armor: Scale mail        |    26 |    50 |       |       ||    76
       Ring mail         |       |       |    60 |    21 ||    81
Dodge: Dodged            |    37 |    29 |    47 |    13 ||   126
Block: Shield            |    49 |    47 |   111 |    23 ||   230
